 Dungeon Crawl Stone Soup version 0.30.0-10-gfe55d96785 (webtiles) character file.

Game seed: 15220233535097443495

988 GigaChad the Chopper (level 8, 0/63 HPs)
             Began as a Formicid Fighter on May 15, 2023.
             Was a Believer of Trog.
             Slain by Edmund
             ... wielding a +2 dire flail of holy wrath
              (4 damage)
             ... on level 4 of the Dungeon.
             The game lasted 00:04:18 (3306 turns).

GigaChad the Chopper (Formicid Fighter)             Turns: 3306, Time: 00:04:19

Health: 0/63       AC: 11    Str: 23    XL:     8   Next: 41%
Magic:  8/8        EV:  8    Int:  8    God:    Trog [**....]
Gold:   122        SH:  5    Dex: 13    Spells: 7/7 levels left

rFire   . . .        a - +2 war axe
rCold   . . .        c - +0 buckler
rNeg    . . .        o - +0 chain mail
rPois   .            (helmet unavailable)
rElec   .            n - +0 cloak
rCorr   .            (no gloves)
SInv    +            (no boots)
Will    .....        (no amulet) Stlth
                     (no ring)
HPRegen 0.30/turn    (no ring)
MPRegen 0.11/turn

%: no passive effects
@: no status effects
A: permanent stasis, dig shafts and tunnels, antennae 3, four strong arms
a: Dig, Shaft Self, Renounce Religion, Trog's Hand


You were on level 4 of the Dungeon.
You worshipped Trog.
Trog was pleased with you.
You visited 1 branch of the dungeon, and saw 4 of its levels.

You collected 122 gold pieces.

Inventory:

Hand Weapons
 a - a +2 war axe (weapon)
 h - a +3 quarterstaff of chaos
Armour
 b - a +0 scale mail
 c - a +0 buckler (worn)
 n - a +0 cloak (worn)
 o - a +0 chain mail (worn)
Jewellery
 i - a ring of protection from fire
 j - a ring of flight
Wands
 p - a wand of flame (9)
Scrolls
 g - a scroll of acquirement {unknown}
 q - a scroll of vulnerability {unknown}
Potions
 d - 2 potions of might
 e - a potion of flight {unknown}
 f - 2 potions of brilliance
 k - 3 potions of curing
 l - a potion of cancellation {unknown}
 m - 2 potions of heal wounds {unknown}
 r - 2 potions of degeneration {unknown}


   Skills:
 * Level 5.4 Fighting
 * Level 6.8 Axes
 * Level 5.4 Armour
 * Level 5.7 Shields


You had 7 spell levels left.
You didn't know any spells.
Your spell library contained the following spells:

 Spells                   Type           Power      Damage    Failure   Level
 Gell's Gravitas          Tloc           0%         N/A       100%        3
 Teleport Other           Tloc           0%         N/A       100%        3
 Dispersal                Tloc           0%         N/A       100%        6


Dungeon Overview and Level Annotations

Branches:
Dungeon (4/15)
 Temple: D:4-7

Altars:
Okawaru
Sif Muna
Trog
Yredelemnul
The Shining One

Annotations:
D:4 Edmund


Innate Abilities, Weirdness & Mutations

You cannot be hasted, slowed, berserked, paralysed or teleported.
You can dig through walls and to a lower floor.
You have a pair of large antennae on your head. (SInv)
Your four strong arms can wield two-handed weapons with a shield.


Message History

Dowan is unaffected.
The grasping roots constrict you.
Unknown command.
You hit Edmund.
Edmund is lightly wounded.
You slash Dowan!
You kill Dowan!
Trog accepts your kill.
Trog appreciates your killing of a magic user.
Edmund hits you with a +2 dire flail of holy wrath.
* * * LOW HITPOINT WARNING * * *
You barely miss Edmund.
Edmund is lightly wounded.
Edmund hits you with a +2 dire flail of holy wrath.
* * * LOW HITPOINT WARNING * * *
Unknown command.
You hit Edmund.
Edmund is lightly wounded.
Edmund looks rather jealous.
Edmund hits you but does no damage.
Edmund hits you with a +2 dire flail of holy wrath.
* * * LOW HITPOINT WARNING * * *
Unknown command.
You hit Edmund.
Edmund is lightly wounded.
Edmund says, "Everyone always remembers my brother. 'Who's Edmund?' they ask!"
Edmund hits you but does no damage.
Unknown command.
You hit Edmund.
Edmund is moderately wounded.
Edmund hits you with a +2 dire flail of holy wrath!
* * * LOW HITPOINT WARNING * * *
Unknown command.
You barely miss Edmund.
Edmund is moderately wounded.
Edmund barely misses you.
Unknown command.
You hit Edmund but do no damage.
Edmund is moderately wounded.
Edmund hits you with a +2 dire flail of holy wrath.
You die...

#............
#.########### { ###.#
..#.# #####.#.# #
#⌠8⌠#.#.# # +...#.#.# #
#...#.#.# ##
+.@.#...##########.
{{#.@)#.##..........(
.#####'##.##.#######.##
#..........##.# #.##
########.####.# #...
.........# #.##
###.####.# #†##
#......# #..(
######.#######.##


You could see Edmund.

Vanquished Creatures
  Grinder (D:3)
  Sigmund (D:3)
  Duvessa (D:4)
  An ogre (D:4)
  The ghost of TheFallenCrow the Insei, an amateur OpTm (D:3)
  Dowan (D:4)
  Crazy Yiuf (D:3)
  A hound (D:3)
  Jessica (D:2)
  Natasha (D:3)
  An orc wizard (D:4)
  2 scorpion zombies (D:3)
  Robin (D:3)
  4 adders
  4 dart slugs
  3 worms (D:3)
  3 orcs (D:4)
  8 ball pythons
  8 endoplasms
  3 giant cockroaches
  7 goblins
  11 hobgoblins
  3 jackals (D:1)
  2 quokkas
  4 bats
  2 kobolds (D:1)
  5 rats
81 creatures vanquished.

Notes
Turn   | Place    | Note
-------+----------+-------------------------------------------
     0 | D:1      | GigaChad the Formicid Fighter began the quest for the Orb.
     0 | D:1      | Reached XP level 1. HP: 18/18 MP: 1/1
   319 | D:1      | Reached XP level 2. HP: 24/24 MP: 2/2
   650 | D:1      | Found a faded altar of an unknown god.
   986 | D:1      | Prayed at the altar of an unknown god.
   986 | D:1      | Became a worshipper of Trog the Wrathful
   986 | D:1      | Reached * piety under Trog
  1011 | D:2      | Reached XP level 3. HP: 29/29 MP: 3/3
  1153 | D:2      | Found a glowing golden altar of the Shining One.
  1490 | D:2      | Noticed Jessica
  1494 | D:2      | Killed Jessica
  1495 | D:2      | Reached skill level 3 in Axes
  1495 | D:2      | Reached XP level 4. HP: 24/37 MP: 4/4
  1962 | D:3      | Noticed Grinder
  1984 | D:3      | Killed Grinder
  1985 | D:3      | Reached skill level 4 in Axes
  1985 | D:3      | Reached XP level 5. HP: 18/43 MP: 5/5
  1985 | D:3      | Reached XP level 6. HP: 20/49 MP: 6/6
  2116 | D:3      | Found a shimmering blue altar of Sif Muna.
  2161 | D:3      | Noticed Sigmund
  2171 | D:3      | Killed Sigmund
  2171 | D:3      | Reached ** piety under Trog
  2172 | D:3      | Reached skill level 5 in Axes
  2172 | D:3      | Reached skill level 5 in Shields
  2172 | D:3      | Reached XP level 7. HP: 37/55 MP: 7/7
  2237 | D:3      | Found a runed translucent door.
  2238 | D:3      | Noticed Crazy Yiuf
  2297 | D:3      | Killed Crazy Yiuf
  2520 | D:3      | Noticed Natasha
  2529 | D:3      | Killed Natasha
  2591 | D:3      | Found a runed translucent gate.
  2591 | D:3      | Found a runed translucent gate.
  2591 | D:3      | Found a runed translucent gate.
  2591 | D:3      | Noticed TheFallenCrow's ghost (amateur OpTm)
  2596 | D:3      | Found a basalt altar of Yredelemnul.
  2605 | D:3      | Reached skill level 5 in Armour
  2677 | D:3      | Killed TheFallenCrow's ghost
  2753 | D:3      | Identified the +5 short sword "Tosunos" {flame, Drain rPois
                  | MP+9 Dex+3}
  2771 | D:3      | Reached skill level 5 in Fighting
  2836 | D:3      | Noticed Robin
  2846 | D:3      | Killed Robin
  3058 | D:4      | Reached skill level 6 in Axes
  3058 | D:4      | Reached XP level 8. HP: 48/62 MP: 8/8
  3190 | D:4      | Found an iron altar of Okawaru.
  3287 | D:4      | Noticed Duvessa
  3288 | D:4      | Noticed Dowan
  3292 | D:4      | Noticed Edmund
  3294 | D:4      | Killed Duvessa
  3300 | D:4      | Killed Dowan
  3304 | D:4      | HP: 3/63 [Edmund/+2 dire flail of holy wrath (12)]
  3306 | D:4      | Slain by Edmund

Illustrated notes

Levels and vault maps discovered:
D:1:      scummos_arrival_gate, layout_loops_corners,
          shapermc_ecumenical_altar_mp_ritualfount
D:2:      layout_loops_ring, basic_altar, roderic_lattice_a,
          kennysheep_jessica_study
D:3:      layout_rooms, nicolae_yredelemnul_ghost_church,
          mainiacjoe_overflow_six_doors_small, grunt_ministairs_11,
          uniq_natasha, uniq_crazy_yiuf_cottage, uniq_sigmund, uniq_grinder,
          uniq_robin
D:4:      dreamdust_elfheim, layout_loops_ring,
          mainiacjoe_overflow_tiny_flanked, xom_butterflies, st_stairs_1,
          uniq_edmund

Skill      XL: |  1  2  3  4  5  6  7 |
---------------+----------------------+-----
Axes           | 3 4 5 6 |  6.8
Armour         | 4 5 |  5.4
Fighting       | 4 5 |  5.4
Shields        | 5 |  5.7

Action                     |  1- 3 |  4- 6 |  7- 9 || total
---------------------------+-------+-------+-------++-------
  Melee: War axe           |    64 |    49 |   130 ||   243
 Invoke: Trog's Hand       |       |       |     1 ||     1
    Use: Scroll            |     1 |     4 |     3 ||     8
 Armour: Scale mail        |    26 |    18 |       ||    44
         Chain mail        |       |    10 |    57 ||    67
  Dodge: Dodged            |    39 |    23 |    47 ||   109
  Block: Buckler           |     9 |    24 |    28 ||    61
